 Dungeon Sprint DCSS version 0.31-a0-152-g6aa68a64a1 (webtiles) character file.

Game seed: 7198365925357173108

17630 Conn the Scorcher (level 12, -1/72 HPs)
             Began as an Octopode Fire Elementalist on June 10, 2023.
             Was a High Priest of Sif Muna.
             Killed from afar by a fire giant (18 damage)
             ... with a bolt of fire
             ... in the Dungeon (Sprint I: "Red Sonja").
             The game lasted 00:39:52 (4189 turns).

Conn the Scorcher (Octopode Fire Elementalist)      Turns: 4189, Time: 00:39:54

Health: -1/72      AC:  5    Str:  7    XL:     12   Next: 50%
Magic:  13/31      EV: 15    Int: 22    God:    Sif Muna [*****.]
Gold:   1102       SH:  5    Dex: 13    Spells: 2/42 levels left

rFire   + . .        m - +2 shortbow of Reason {freeze, rPois rF+ rN+ SInv}
rCold   + . .        (shield currently unavailable)
rNeg    + . .        (helmet restricted)
rPois   +            r - amulet of reflection
rElec   .            k - +4 ring of protection
rCorr   +            l - ring of flight
SInv    +            t - ring of protection from cold
Will    .....        u - ring of resist corrosion
Stlth   +++++        (no ring)
HPRegen 0.32/turn    (no ring)
MPRegen 0.22/turn    (no ring)
                     (no ring)

%: no teleportation, random rage (3%), reflection
@: flying
A: almost no armour, amphibious, 8 rings, camouflage 1, gelatinous body 1,
(nimble swimmer 1), tentacles, berserk 1, MP-powered wands
a: Renounce Religion, Channel Magic, Forget Spell, Divine Exegesis


You were in the Dungeon.
You worshipped Sif Muna.
Sif Muna was extremely pleased with you.
You visited 1 branch You collected 3612 gold pieces.
You spent 2510 gold pieces at shops.

Inventory:

Hand Weapons
 h - a +0 dagger of draining
 m - the +2 shortbow of Reason (weapon) {freeze, rPois rF+ rN+ SInv}
   (You bought it in a shop in the Dungeon)

   rF:        It protects you from fire.
   rPois:     It protects you from poison.
   rN:        It protects you from negative energy.
   SInv:      It lets you see invisible.
Missiles
 i - 10 curare-tipped darts
Jewellery
 k - a +4 ring of protection (left tentacle)
 l - a ring of flight (right tentacle)
 o - a ring of ice
 r - an amulet of reflection (around mantle)
 t - a ring of protection from cold (on tentacle)
 u - a ring of resist corrosion (on tentacle)
Wands
 e - a wand of light (11)
 n - a wand of polymorph (3)
Scrolls
 g - 2 scrolls of fear
 j - 3 scrolls of identify
 p - a scroll of silence
 q - a scroll of fog
Potions
 a - a potion of magic
 b - 3 potions of curing
 c - a potion of heal wounds
 d - a potion of haste
 s - 2 potions of enlightenment
 v - a potion of lignification


   Skills:
 + Level 3.4 Fighting
 + Level 2.3 Ranged Weapons
 + Level 1.5 Throwing
 + Level 5.7 Dodging
 - Level 7.5 Stealth
 + Level 0.6 Shields
 + Level 15.9 Spellcasting
 * Level 11.4 Conjurations
 - Level 4.2 Hexes
 * Level 7.3 Summonings
 + Level 0.5 Translocations
 * Level 18.7 Fire Magic
 + Level 3.3 Ice Magic
 + Level 0.1 Air Magic
 + Level 1.3 Poison Magic
 * Level 10.3 Invocations


You had 2 spell levels left.
You knew the following spells:

 Your Spells              Type           Power      Damage    Failure   Level
a - Foxfire               Conj/Fire      100%       2x1d9     0%          1
b - Scorch                Fire           100%       2d9       0%          2
c - Inner Flame           Hex/Fire       62%        N/A       1%          3
d - Flame Wave            Conj/Fire      71%        2d16      1%          4
e - Summon Ice Beast      Ice/Summ       40%        N/A       3%          4
f - Starburst             Conj/Fire      35%        6d10      1%          6
g - Mephitic Cloud        Conj/Pois/Air  36%        N/A       1%          3
h - Summon Guardian Gole  Hex/Summ       43%        N/A       1%          3
i - Blink                 Tloc           38%        N/A       4%          2
j - Ignition              Fire           39%        3d12      10%         8
k - Iskenderun's Mystic   Conj/Tloc      43%        2d10      2%          4

Your spell library contained the following spells:

 Spells                   Type           Power      Damage    Failure   Level
 Magic Dart               Conj           100%       1d8       1%          1
 Slow                     Hex            100%       N/A       1%          1
 Call Imp                 Summ           98%        N/A       1%          2
 Ensorcelled Hibernation  Hex/Ice        68%        N/A       1%          2
 Momentum Strike          Conj/Tloc      86%        3d10      1%          2
 Searing Ray              Conj           100%       2d8       1%          2
 Static Discharge         Conj/Air       86%        2-6/arc   1%          2
 Necrotise                Necr           68%        1d7       3%          1
 Passwall                 Tmut/Erth      14%        N/A       4%          2
 Call Canine Familiar     Summ           49%        N/A       1%          3
 Dazzling Flash           Conj/Hex       100%       N/A       1%          3
 Ignite Poison            Fire/Tmut/Pois 46%        N/A       1%          3
 Volatile Blastmotes      Fire/Tloc      100%       2d18      1%          3
 Fulminant Prism          Conj/Hex       25%        3d14      1%          4
 Sticky Flame             Conj/Fire      71%        2d8       1%          4
 Fireball                 Conj/Fire      35%        3d15      1%          5
 Arcjolt                  Conj/Air       21%        1d31      9%          5
 Summon Mana Viper        Hex/Summ       43%        N/A       9%          5
 Swiftness                Air            18%        N/A       10%         3
 Vampiric Draining        Necr           17%        2d7       10%         3
 Freezing Cloud           Conj/Ice/Air   19%        6-21      12%         5
 Summon Forest            Summ/Tloc      17%        N/A       19%         5
 Manifold Assault         Tloc           19%        N/A       26%         4
 Silence                  Hex/Air        13%        N/A       36%         5
 Yara's Violent Unravell  Hex/Tmut       13%        3d7       36%         5
 Spellforged Servitor     Conj/Summ      28%        N/A       52%         7
 Agony                    Necr           17%        N/A       67%         5
 Blade Hands              Tmut           8%         N/A       67%         5
 Borgnjor's Vile Clutch   Necr/Erth      8%         N/A       67%         5
 Lee's Rapid Deconstruct  Erth           8%         3d7*      67%         5
 Monstrous Menagerie      Summ           24%        N/A       80%         7
 Summon Hydra             Summ           24%        N/A       80%         7
 Malign Gateway           Summ/Tloc      17%        N/A       99%         7
 Storm Form               Tmut/Air       8%         N/A       100%        7
 Lehudib's Crystal Spear  Conj/Erth      21%        10d6      100%        8
 Summon Horrible Things   Summ           24%        N/A       100%        8


Dungeon Overview and Level Annotations

Branches:
Dungeon (1/1)

Altars:
Cheibriados
Dithmenos
Elyvilon
Fedhas
Gozag
Hepliaklqana
Kikubaaqudgha
Makhleb
Nemelex Xobeh
Okawaru
Qazlal
Ru
Sif Muna
Trog
Uskayaw
Vehumet
Wu Jian
Xom
Yredelemnul
Zin
The Shining One
Jiyva
Lugonu

Shops:
D **[=*(?*[([=*:[:=?[[?


Innate Abilities, Weirdness & Mutations

You cannot wear most types of armour.
You are amphibious.
You can wear up to eight rings at the same time.
Your skin changes colour to match your surroundings (Stealth+).
Your rubbery body absorbs attacks. (AC +1, EV +1)
((You are camouflaged when in or above water. (Stealth+)))
You have tentacles for arms and can constrict up to eight enemies at once.
You sometimes lose your temper in combat.
You expend magic power (3 MP) to strengthen your wands.


Message History

Casting: Blink (safe; 4% risk of failure)
Confirm with . or Enter, or press ? or * to list all spells.
Aiming: Mephitic Cloud (safe; 1% risk of failure)
Press: ? - help, Shift-Dir - straight line, f - fire giant, p - fire giant
Aim: a fire giant, wielding a +0 great sword of flaming (black smoke, ally target, chance to affect: 24%)
Okay, then.
Casting: Mephitic Cloud (safe; 1% risk of failure)
Confirm with . or Enter, or press ? or * to list all spells.
A guardian golem appears, shielding your allies.
Your ice beast hits the fire giant.
Your ice beast freezes the fire giant!!
The fire giant cries, "Mercy!"
The fire giant hits your guardian golem with a +0 great sword of flaming!
The fire giant burns your guardian golem.
Unknown command.
Unknown command.
You feel stable enough to blink again.
Your ice beast hits the fire giant but does no damage.
The fire giant casts a spell at you.
The bolt of fire hits your ice beast!!!!
Your ice beast melts!
Your ice beast dies!
Your ice beast disappears in a puff of smoke!
The bolt of fire hits you! You resist.
* * * LOW HITPOINT WARNING * * *
Unknown command.
Unknown command.
Okay, then.
Unknown command.
Unknown command.
Unknown command.
Okay, then.
Unknown command.
Unknown command.
Blink to where?
Press: ? - help, Dir - move target, p - fire giant
As you read the scroll of blinking, it crumbles to dust.
The fire giant seems to regain its courage.
The fire giant casts a spell at you. The bolt of fire hits you!! You resist.
You die...

#..#§§§.§.§§§.§'..#
##'#§####..§§§##..+
'.§#§#.###§§§######
#).§.#'#.###§#)[.##
#'####...#)#.##...#
.....#.○.###..###.#
○°°.°'°....##.#)#.#
##°○.#°....#..###.#
.#○..###++##.##.@.#
.#..###..###..#'###
§#..####..###...#
.##'#..#°.#○###.#
§##.#..°......#C#
.####.........#.#
.#..'......####'#
.#####...###.9§.#
.# #####CC.####


You could see a fire giant.

Vanquished Creatures
  A daeva (D)
  A lorocyproca (D)
  A hydra (D)
  2 centaur warriors (D)
  4 demonic crawlers (D)
  Sonja (D)
  A deep troll (D)
  A lindwurm (D)
  An oklob plant (D)
  8 shining eyes (D)
  A gargoyle (D)
  2 kobold demonologists (D)
  7 unseen horrors (D)
  A meliai (D)
  A hornet (D)
  Sigmund (D)
  A slime creature (D)
  A yak (D)
  13 hogs (D)
  A redback (D)
  7 floating eyes (D)
  An ogre (D)
  7 necrophages (D)
  A nameless horror (D)
  7 jellies (D)
  Ijyb (D)
  2 ballistomycete spores (D)
76 creatures vanquished.

Vanquished Creatures (collateral kills)
  A redback (D)
  A jelly (D)
2 creatures vanquished.

Vanquished Creatures (others)
  95 foxfires (D)
95 creatures vanquished.

Grand Total: 173 creatures vanquished

Notes
Turn   | Place    | Note
-------+----------+-------------------------------------------
     0 | D        | Conn the Octopode Fire Elementalist began the quest for the
                  | Orb.
     0 | D        | Reached XP level 1. HP: 11/11 MP: 3/3
     2 | D        | Noticed Ijyb
     7 | D        | Killed Ijyb
     8 | D        | Reached skill level 5 in Fire Magic
     8 | D        | Reached XP level 2. HP: 17/17 MP: 3/6
     8 | D        | Reached XP level 3. HP: 21/21 MP: 3/7
    38 | D        | Learned a level 2 spell: Scorch
    42 | D        | Learned a level 3 spell: Inner Flame
    70 | D        | Noticed an ogre
    74 | D        | Killed an ogre
    75 | D        | Reached skill level 7 in Fire Magic
    75 | D        | Reached XP level 4. HP: 27/27 MP: 0/10
   174 | D        | Learned a level 4 spell: Flame Wave
   179 | D        | Noticed Sigmund
   186 | D        | Killed Sigmund
   187 | D        | Reached skill level 5 in Stealth
   187 | D        | Reached skill level 1 in Hexes
   187 | D        | Reached skill level 9 in Fire Magic
   187 | D        | Reached XP level 5. HP: 32/32 MP: 0/13
   187 | D        | Reached XP level 6. HP: 37/37 MP: 0/15
   308 | D        | Found an ornate altar of the Wu Jian Council.
   308 | D        | Found a shimmering blue altar of Sif Muna.
   315 | D        | Found a radiant altar of Vehumet.
   321 | D        | Became a worshipper of Sif Muna the Loreminder
   345 | D        | Found Heakhlemaf's Jewellery Emporium.
   345 | D        | Found an ancient bone altar of Kikubaaqudgha.
   345 | D        | Found a hazy altar of Hepliaklqana.
   345 | D        | Found a stormy altar of Qazlal.
   345 | D        | Found a hide-covered altar of Uskayaw.
   345 | D        | Found a blossoming altar of Fedhas.
   345 | D        | Found a bloodstained altar of Trog.
   345 | D        | Found an iron altar of Okawaru.
   345 | D        | Found a basalt altar of Yredelemnul.
   345 | D        | Found a glowing golden altar of the Shining One.
   345 | D        | Found a snail-covered altar of Cheibriados.
   345 | D        | Found a sacrificial altar of Ru.
   345 | D        | Found a glowing silver altar of Zin.
   345 | D        | Found a shadowy altar of Dithmenos.
   345 | D        | Found a white marble altar of Elyvilon.
   345 | D        | Noticed a yak
   353 | D        | Killed a yak
   354 | D        | Reached skill level 10 in Fire Magic
   354 | D        | Reached XP level 7. HP: 23/42 MP: 4/17
   356 | D        | Found an opulent altar of Gozag.
   357 | D        | Found a sparkling altar of Nemelex Xobeh.
   446 | D        | Found a burning altar of Makhleb.
   446 | D        | Found a viscous altar of Jiyva.
   446 | D        | Found a shimmering altar of Xom.
   446 | D        | Found a corrupted altar of Lugonu.
   446 | D        | Noticed a slime creature
   455 | D        | Killed a slime creature
   456 | D        | Reached skill level 1 in Fighting
   456 | D        | Reached skill level 5 in Dodging
   456 | D        | Reached skill level 11 in Fire Magic
   519 | D        | Noticed a kobold demonologist
   524 | D        | Noticed a kobold demonologist
   525 | D        | Noticed an ice devil
   525 | D        | Reached * piety under Sif Muna
   527 | D        | Killed a kobold demonologist
   528 | D        | Reached skill level 12 in Fire Magic
   528 | D        | Reached XP level 8. HP: 43/48 MP: 1/21
   532 | D        | Killed a kobold demonologist
   667 | D        | Noticed Sonja
   670 | D        | Killed Sonja
   670 | D        | Reached ** piety under Sif Muna
   671 | D        | Reached skill level 10 in Spellcasting
   671 | D        | Reached skill level 13 in Fire Magic
   671 | D        | Reached XP level 9. HP: 54/54 MP: 11/23
   889 | D        | Found Oskezis's General Store.
   909 | D        | Noticed a deep troll
   918 | D        | Killed a deep troll
   919 | D        | Reached skill level 5 in Conjurations
   919 | D        | Reached skill level 14 in Fire Magic
   932 | D        | Found Jotusam's Armour Emporium.
   979 | D        | Bought a +4 ring of protection for 396 gold pieces
  1000 | D        | Noticed a shining eye
  1000 | D        | Noticed a shining eye
  1000 | D        | Noticed a shining eye
  1009 | D        | Gained mutation: You expend magic power (3 MP) to
                  | strengthen your wands. [a shining eye]
  1009 | D        | Noticed a shining eye
  1010 | D        | Reached *** piety under Sif Muna
  1010 | D        | Killed a shining eye
  1011 | D        | Noticed a shining eye
  1013 | D        | Noticed a shining eye
  1015 | D        | Noticed a shining eye
  1015 | D        | Gained mutation: You sometimes lose your temper in combat.
                  | [a shining eye]
  1016 | D        | Killed a shining eye
  1016 | D        | Killed a shining eye
  1016 | D        | Killed a shining eye
  1016 | D        | Reached **** piety under Sif Muna
  1017 | D        | Reached skill level 1 in Throwing
  1017 | D        | Reached skill level 15 in Fire Magic
  1017 | D        | Reached XP level 10. HP: 61/61 MP: 20/26
  1018 | D        | Killed a shining eye
  1018 | D        | Killed a shining eye
  1019 | D        | Reached skill level 5 in Invocations
  1020 | D        | Killed a shining eye
  1176 | D        | Paralysed by a floating eye for 4 turns
  1183 | D        | Paralysed by a floating eye for 3 turns
  1188 | D        | Paralysed by a floating eye for 2 turns
  1189 | D        | Killed a shining eye
  1189 | D        | Reached ***** piety under Sif Muna
  1189 | D        | Received a gift from Sif Muna
  1190 | D        | Reached skill level 16 in Fire Magic
  1334 | D        | Learned a level 4 spell: Summon Ice Beast
  1354 | D        | Found Lorhunum's General Store.
  1354 | D        | Found Zowa's Assorted Antiques.
  1354 | D        | Found Kagotib's Antique Weapon Boutique.
  1354 | D        | Found Rohawoss's Antique Armour Emporium.
  1360 | D        | Bought an opal ring for 130 gold pieces
  1374 | D        | Bought a steaming shortbow for 160 gold pieces
  1374 | D        | Identified the +2 shortbow of Reason {freeze, rPois rF+ rN+
                  | SInv} (You bought it in a shop in the Dungeon)
  1384 | D        | Bought a long copper wand for 104 gold pieces
  1507 | D        | Noticed a centaur warrior
  1508 | D        | Noticed a centaur warrior
  1519 | D        | Killed a centaur warrior
  1520 | D        | Reached skill level 1 in Summonings
  1527 | D        | Killed a centaur warrior
  1528 | D        | Reached XP level 11. HP: 43/67 MP: 5/28
  1666 | D        | Reached skill level 1 in Ice Magic
  1750 | D        | Noticed an oklob plant
  1754 | D        | Killed an oklob plant
  1849 | D        | Received a gift from Sif Muna
  1852 | D        | Got Sif Muna's Almanac of the United Sun {god gift}
  1860 | D        | Learned a level 6 spell: Starburst
  1864 | D        | Learned a level 3 spell: Call Canine Familiar
  1927 | D        | Learned a level 5 spell: Summon Mana Viper
  2108 | D        | Received a gift from Sif Muna
  2297 | D        | Received a gift from Sif Muna
  2300 | D        | Got Haorot's Teachings on the Molten Evil Eye {god gift}
  2310 | D        | Found Sideumm's General Store.
  2311 | D        | Found Sipowu's Magic Scroll Shop.
  2311 | D        | Found Acuicw's Armour Boutique.
  2312 | D        | Found Otzoisch's Magic Scroll Boutique.
  2312 | D        | Found Uhidgheec's Antique Armour Emporium.
  2313 | D        | Found Puagojon's Magic Scroll Emporium.
  2333 | D        | Found Xofeipa's Weapon Emporium.
  2333 | D        | Found Danaypt's Antique Armour Shop.
  2333 | D        | Found Juodaeh's Jewellery Shoppe.
  2333 | D        | Found Suxzad's Assorted Antiques.
  2333 | D        | Found Yril's Book Emporium.
  2333 | D        | Found Oclastra's Antique Armour Shop.
  2333 | D        | Found Qach's Book Shoppe.
  2337 | D        | Found Umanluups's Jewellery Boutique.
  2345 | D        | Bought an amulet of reflection for 420 gold pieces
  2351 | D        | Bought an Inescapable Atlas for 448 gold pieces
  2354 | D        | Learned a level 2 spell: Blink
  2363 | D        | Learned a level 8 spell: Ignition
  2367 | D        | Bought a scroll of fear for 48 gold pieces
  2374 | D        | Bought a book of Minor Magic for 234 gold pieces
  2380 | D        | Learned a level 3 spell: Mephitic Cloud
  2441 | D        | Noticed a demonic crawler
  2441 | D        | Noticed a demonic crawler
  2441 | D        | Noticed a demonic crawler
  2441 | D        | Noticed a demonic crawler
  2444 | D        | Killed a demonic crawler
  2449 | D        | Killed a demonic crawler
  2450 | D        | Reached skill level 10 in Conjurations
  2450 | D        | Reached skill level 17 in Fire Magic
  2451 | D        | Killed a demonic crawler
  2452 | D        | Reached skill level 5 in Summonings
  2452 | D        | Killed a demonic crawler
  2453 | D        | Reached skill level 15 in Spellcasting
  2753 | D        | Noticed a lindwurm
  2757 | D        | Killed a lindwurm
  2813 | D        | Received a gift from Sif Muna
  2817 | D        | Reached skill level 1 in Ranged Weapons
  2817 | D        | Reached XP level 12. HP: 69/72 MP: 10/31
  2819 | D        | Received a gift from Sif Muna
  2833 | D        | Got Zuxkogh's Writings on the Missiles {god gift}
  2836 | D        | Got Sif Muna's Second Course in Thaumaturgy {god gift}
  2938 | D        | Noticed a 12-headed hydra
  2943 | D        | Reached skill level 1 in Poison Magic
  2992 | D        | Killed a 12-headed hydra
  2993 | D        | Reached skill level 18 in Fire Magic
  3136 | D        | Noticed a daeva
  3341 | D        | Killed a daeva
  3422 | D        | Reached skill level 10 in Invocations
  3425 | D        | Reached ****** piety under Sif Muna
  3537 | D        | Received a gift from Sif Muna
  3542 | D        | Got Sif Muna's Lessons on Phantasms {god gift}
  3549 | D        | Learned a level 4 spell: Iskenderun's Mystic Blast
  3554 | D        | Learned a level 3 spell: Summon Guardian Golem
  3652 | D        | Bought a ring of protection from cold for 350 gold pieces
  3761 | D        | Bought a ring of resist corrosion for 220 gold pieces
  3820 | D        | Noticed a lorocyproca
  3860 | D        | Killed a lorocyproca
  4174 | D        | Noticed a fire giant
  4177 | D        | Noticed a fire giant
  4182 | D        | Noticed a fire giant
  4184 | D        | Noticed a fire giant
  4189 | D        | Killed from afar by a fire giant

Illustrated notes

Levels and vault maps discovered:
D:        dungeon_sprint_1 [red_sonja_temple_1, red_sonja_temple_small_1]

Skill      XL: |  1  2  3  4  5  6  7  8  9 10 11 12 |
---------------+-------------------------------------+-----
Stealth        | 3 4 5 6 7 |  7.5
Spellcasting   | 3 4 6 7 9 10 12 13 15 | 15.9
Fire Magic     | 5 7 9 10 12 13 15 16 17 18 | 18.7
Dodging        | 3 4 5 |  5.7
Conjurations   | 2 3 4 7 9 10 11 | 11.4
Hexes          | 1 2 3 4 |  4.2
Fighting       | 1 2 3 |  3.4
Throwing       | 1 |  1.5
Invocations    | 3 6 9 10 | 10.3
Summonings     | 2 5 7 |  7.3
Ice Magic      | 2 3 |  3.3
Ranged Weapons | 1 2 |  2.3
Poison Magic   | 1 |  1.3
Shields        | |  0.6
Translocations | |  0.5
Air Magic      | |  0.1

Action                     |  1- 3 |  4- 6 |  7- 9 | 10-12 || total
---------------------------+-------+-------+-------+-------++-------
  Melee: Unarmed           |     3 |       |     4 |       ||     7
         Tentacles         |     2 |       |     2 |       ||     4
         Constrict         |     1 |       |     1 |       ||     2
         Punch             |       |       |     1 |       ||     1
   Fire: Shortbow          |       |       |       |    15 ||    15
  Throw: Dart              |       |       |     2 |       ||     2
   Cast: Foxfire           |     1 |     4 |    15 |    47 ||    67
         Scorch            |     2 |     8 |     8 |    50 ||    68
         Inner Flame       |     1 |     1 |    10 |    34 ||    46
         Flame Wave        |       |       |     3 |     6 ||     9
         Summon Ice Beast  |       |       |       |    17 ||    17
         Starburst         |       |       |       |    12 ||    12
         Summon Mana Viper |       |       |       |     3 ||     3
         Mephitic Cloud    |       |       |       |     4 ||     4
         Summon Guardian G |       |       |       |     5 ||     5
         Blink             |       |       |       |     2 ||     2
         Ignition          |       |       |       |     1 ||     1
 Invoke: Forget Spell      |       |       |       |     2 ||     2
         Channel Magic     |       |       |       |     2 ||     2
    Use: Potion            |     1 |       |     1 |     1 ||     3
         Scroll            |       |       |       |     7 ||     7
 Armour: Skin              |       |       |       |     6 ||     6
  Dodge: Dodged            |       |       |     1 |    32 ||    33
  Block: Other             |       |       |       |     8 ||     8

Table legend: (Time is in decaauts)
 A = Elapsed time spent in this place.
 B = Non-inter-level travel time spent in this place.
 C = Inter-level travel time spent in this place.
 D = Time resting spent in this place.
 E = Time spent auto-exploring this place.
 F = Levels seen in this place.
 G = Mean time per level.
                   A        B        C        D        E       F      G
               +--------+--------+--------+--------+--------+-----+--------+
         Total |   4207 |   4126 |     81 |   2484 |      0 |   1 | 4207.0 |
       Dungeon |   4207 |   4126 |     81 |   2484 |      0 |   1 | 4207.0 |
               +--------+--------+--------+--------+--------+-----+--------+

Top non-repeatable levels by time:
       D: 4207 daAuts
